 Dungeon Crawl Stone Soup version 0.31.0-9-g3a7656b989 (webtiles) character file.

Game seed: 9856808743761705223

240 qw the Shooter (level 5, 0/25 HPs)
             Began as a Spriggan Hunter on Feb 2, 2024.
             Slain by an orc priest
             ... wielding a +1 hand axe of electrocution
              (3 damage)
             ... on level 3 of the Dungeon.
             The game lasted 00:00:04 (1692 turns).

qw the Shooter (Spriggan Hunter)                    Turns: 1692, Time: 00:00:05

Health: 0/25       AC:  2    Str:  7    XL:     5   Next: 80%
Magic:  6/6        EV: 20    Int: 10    God:
Gold:   58         SH:  0    Dex: 21    Spells: 4/4 levels left

rFire   . . .        a - +0 shortbow
rCold   + . .        (shield currently unavailable)
rNeg    . . .        c - +0 robe
rPois   +            (helmet restricted)
rElec   .            (no cloak)
rCorr   .            (gloves unavailable)
SInv    +            (boots unavailable)
Will    .....        (no amulet)
Stlth   ++           f - ring of protection from cold
HPRegen 0.24/turn    h - ring of poison resistance
MPRegen 0.10/turn

%: no passive effects
@: very quick
A: very small, no large weapons, unfitting armour, see invisible, speed 3
a: no special abilities


You were on level 3 of the Dungeon.
You visited 1 branch of the dungeon, and saw 3 of its levels.

You collected 58 gold pieces.


Innate Abilities, Weirdness & Mutations

You are very small and have problems with some larger weapons.
You are too small for most types of armour.
You have supernaturally acute eyesight. (SInv)
You cover ground extremely quickly. (Speed+++)


   Skills:
 - Level 1.5 Fighting
 - Level 6.4 Ranged Weapons
 + Level 4.9 Dodging
 - Level 1.5 Stealth


You had 4 spell levels left.
You didn't know any spells.
Your spell library was empty.

Inventory:

Hand Weapons
 a - a +0 shortbow (weapon)
Armour
 c - a +0 robe (worn)
Jewellery
 f - a ring of protection from cold (left hand)
 h - a ring of poison resistance (right hand)
Potions
 b - a potion of might
 d - 2 potions of heal wounds
 i - a potion of haste {unknown}

Dungeon Overview and Level Annotations

Branches:
Dungeon (3/15)

Altars:
Makhleb
Xom

Shops:
D:1 :   D:2 =


Message History

You shoot an arrow. The arrow barely misses the orc.
The orc shouts!
You shoot an arrow. The arrow hits the orc.
The orc is severely wounded.
You shoot an arrow. The arrow hits the orc!
You kill the orc!
You hear a shout!
A hobgoblin comes into view.
You hear a shout!
You shoot an arrow.
The arrow hits the orc but does no damage.
The orc priest invokes the aid of Beogh against you.
Beogh smites you!
Ouch! That really hurt!
You shoot an arrow. The arrow barely misses the orc.
An orc comes into view. It is wielding a +0 hand axe.
You shoot an arrow. The arrow closely misses the orc.
The arrow closely misses the orc priest.
The orc barely misses you.
You shoot an arrow. The arrow barely misses the orc.
The arrow hits the orc priest.
The orc priest is lightly wounded.
The orc misses you.
You shoot an arrow. The arrow hits the orc.
The orc is heavily wounded.
The orc misses you.
You shoot an arrow. The arrow hits the orc!
You kill the orc!
The orc priest closely misses you. The orc hits you with a +0 hand axe.
The orc priest closely misses you.
You shoot an arrow. The arrow barely misses the orc priest.
The arrow hits the hobgoblin!
You kill the hobgoblin!
The orc misses you. The orc priest completely misses you.
A hobgoblin comes into view.
You shoot an arrow. The arrow hits the orc priest.
The orc priest is heavily wounded.
The orc hits you with a +0 hand axe.
The orc priest hits you with a +1 hand axe of electrocution.
You die...

..........................
.............#............
...........#.####........
.....>...#...............
.........###.### .......
.........# #.# .....
.........# #.. ......
........#######..##
##...........@o...#
##.##########o...# #.
#....# # #)..# g.... ....
... ...


You could see an orc priest, an orc and a hobgoblin.

Vanquished Creatures
  Sigmund (D:2)
  3 gnolls (D:3)
  2 orcs (D:3)
  2 ball pythons (D:1)
  6 bats
  2 endoplasms (D:2)
  2 giant cockroaches
  4 goblins
  3 hobgoblins
  2 jackals (D:1)
  2 quokkas
  4 frilled lizards
  A kobold (D:1)
  3 rats
37 creatures vanquished.

Notes
Turn   | Place    | Note
-------+----------+-------------------------------------------
     0 | D:1      | qw the Spriggan Hunter began the quest for the Orb.
     0 | D:1      | Reached XP level 1. HP: 10/10 MP: 2/2
     0 | D:1      | 0 ||| qw: Version: 0.3-a-155-g5e7d8dd
     0 | D:1      | 0 ||| qw: Game counter: 2718
     0 | D:1      | 0 ||| qw: Melee chars always use a shield: true
     0 | D:1      | 0 ||| qw: God list: Okawaru
     0 | D:1      | 0 ||| qw: Allow faded altars: false
     0 | D:1      | 0 ||| qw: Do Orc after clearing Dungeon:15 true
     0 | D:1      | 0 ||| qw: Do second Lair branch before Depths: true
     0 | D:1      | 0 ||| qw: Lair rune preference: random
     0 | D:1      | 0 ||| qw: Goals: Normal
     0 | D:1      | 0 ||| PLANNING D:1-11
    69 | D:1      | Found Muicit's Book Emporium.
    78 | D:1      | Reached skill level 3 in Dodging
   195 | D:1      | Reached XP level 2. HP: 14/14 MP: 3/3
   742 | D:1      | Found a shimmering altar of Xom.
   747 | D:1      | 747 ||| UPGRADING to ring of protection from cold.
   748 | D:1      | 748 ||| READING scroll labelled ETUNNY AZOIGAOLE.
   749 | D:1      | 749 ||| DRINKING 3 metallic silvery potions.
   750 | D:1      | 750 ||| DROPPING scroll of butterflies.
   894 | D:2      | Noticed Sigmund
   904 | D:2      | Killed Sigmund
   905 | D:2      | Reached skill level 6 in Ranged Weapons
   905 | D:2      | Reached XP level 3. HP: 18/18 MP: 4/4
   905 | D:2      | Reached XP level 4. HP: 22/22 MP: 5/5
   905 | D:2      | Reached XP level 5. HP: 25/25 MP: 6/6
   906 | D:2      | Found a burning altar of Makhleb.
  1385 | D:2      | Found Juzxel's Jewellery Shop.
  1395 | D:2      | 1395 ||| SHOPLISTING +4 ring of protection (360 gold, have
                  | 58).
  1395 | D:2      | 1395 ||| SHOPLISTING +5 ring of evasion (360 gold, have
                  | 58).
  1395 | D:2      | 1395 ||| SHOPLISTING amulet of guardian spirit (300 gold,
                  | have 58).
  1395 | D:2      | 1395 ||| SHOPLISTING amulet of regeneration (300 gold, have
                  | 58).
  1395 | D:2      | 1395 ||| SHOPLISTING ring of fire (250 gold, have 58).
  1395 | D:2      | 1395 ||| SHOPLISTING ring of ice (250 gold, have 58).
  1395 | D:2      | 1395 ||| SHOPLISTING ring of willpower (250 gold, have 58).
  1589 | D:2      | 1589 ||| UPGRADING to ring of poison resistance.
  1590 | D:2      | 1590 ||| READING scroll labelled BAFEDEPTYBAXT.
  1590 | D:2      | 1590 ||| IDENTIFYING amethyst potion
  1591 | D:2      | 1591 ||| READING scroll labelled EXZOUD ZYISE.
  1692 | D:3      | HP: 3/25 [orc/+0 hand axe (6)]
  1692 | D:3      | Slain by an orc priest

Levels and vault maps discovered:
D:1:      dpeg_arrival_water_altar, layout_loops_ring, serial_shops,
          nicolae_shop_advertising_works [nicolae_subvault_shop_adworks]
D:2:      layout_loops_corners, basic_altar, serial_shops, shop, uniq_sigmund
D:3:      layout_rooms, serial_shops, shop, kennysheep_big_empty_room

Skill      XL: |  1  2 |
---------------+-------+-----
Dodging        | 3 4 |  4.9
Ranged Weapons | 6 |  6.4
Fighting       | |  1.5
Stealth        | |  1.5

Action                     |  1- 3 |  4- 6 || total
---------------------------+-------+-------++-------
   Fire: Shortbow          |    54 |    41 ||    95
    Use: Scroll            |     1 |     2 ||     3
         Potion            |     1 |       ||     1
 Armour: Robe              |     2 |     8 ||    10
  Dodge: Dodged            |    27 |    14 ||    41

Table legend:
 A = Non-vault XP
 B = Vault XP
 C = Vault XP percentage of total XP
 D = Non-vault monster count
 E = Vault monster count
 F = Vault count percentage of total count
                 A         B        C        D         E       F
            +---------+---------+-------+---------+---------+-------
      Total |     101 |     243 |  70.6 |      36 |       1 |   2.7
            +---------+---------+-------+---------+---------+-------
        D:1 |      27 |       0 |   0.0 |      16 |       0 |   0.0
        D:2 |      19 |     243 |  92.7 |      12 |       1 |   7.7
        D:3 |      55 |       0 |   0.0 |       8 |       0 |   0.0
            +---------+---------+-------+---------+---------+-------
